 Dungeon Crawl Stone Soup version 0.25.1-8-g42b30a86e7 (webtiles) character file.

Game seed: 13644828344695511526

187 JohnSpartan the Cudgeler (level 5, -11/47 HPs)
             Began as a Minotaur Monk on Dec 17, 2020.
             Was a Believer of Fedhas.
             Engulfed by a cloud of flame (28 damage)
             ... on level 4 of the Dungeon.
             The game lasted 00:14:16 (2223 turns).

JohnSpartan the Cudgeler (Minotaur Monk)            Turns: 2223, Time: 00:14:19

Health: -11/47     AC: 11    Str: 16    XL:     5   Next: 39%
Magic:  4/4        EV:  1    Int:  7    God:    Fedhas [**....]
Gold:   49         SH: 11    Dex: 13    Spells: 4/4 levels left

rFire    . . .     SeeInvis .   a - +1 mace
rCold    . . .     Gourm    .   s - +0 tower shield
rNeg     . . .     Faith    .   i - +0 plate armour
rPois    .         Spirit   .   (helmet restricted)
rElec    .         Reflect  .   (no cloak)
rCorr    .         Harm     .   (no gloves)
MR       .....                  (no boots)
Stlth    ..........             (no amulet)
HPRegen  0.15/turn              (no ring)
MPRegen  0.09/turn              (no ring)

@: no status effects
A: retaliatory headbutt, horns 2
a: Wall of Briars, Renounce Religion


You were on level 4 of the Dungeon.
You worshipped Fedhas.
Fedhas was pleased with you.
You were not hungry.

You visited 1 branch of the dungeon, and saw 4 of its levels.

You collected 49 gold pieces.

Inventory:

Hand Weapons
 a - a +1 mace (weapon)
 r - a +0 mace
 u - a +0 mace
Missiles
 f - 94 stones (quivered)
Armour
 b - a +0 robe
 g - a +0 ring mail
 i - a +0 plate armour (worn)
 j - a +0 hat
 s - a +0 tower shield (worn)
Wands
 m - a wand of flame (10)
Scrolls
 h - 2 scrolls of teleportation
 l - a scroll of identify
 o - 2 scrolls of enchant armour {unknown}
 p - 2 scrolls of immolation
 q - a scroll of remove curse
 v - a scroll of fear {unknown}
Potions
 d - a potion of heal wounds {unknown}
 e - 5 potions of curing {unknown}
 k - a potion of flight {unknown}
 n - a potion of mutation {unknown}
 t - a potion of stabbing {unknown}
Comestibles
 c - 6 rations
 w - 3 chunks of flesh


   Skills:
 + Level 4.3 Fighting
 + Level 5.1 Maces & Flails
 + Level 2.8 Armour
 + Level 4.5 Dodging
 - Level 1.5 Stealth
 + Level 0.7 Shields


You had 4 spell levels left.
You didn't know any spells.
Your spell library contained the following spells:

 Spells                   Type           Power        Failure   Level  Hunger
 Magic Dart               Conj           #...         100%        1    ##.....
 Blink                    Tloc           N/A          100%        2    ###....
 Call Imp                 Summ           #.......     100%        2    ###....
 Slow                     Hex            #.......     100%        2    ###....
 Conjure Flame            Conj/Fire      #.......     100%        3    ####...
 Mephitic Cloud           Conj/Pois/Air  #.......     100%        3    ####...


Dungeon Overview and Level Annotations

Branches:
Dungeon (4/15)
 Temple: D:4-7

Altars:
Fedhas


Innate Abilities, Weirdness & Mutations

You reflexively headbutt those who attack you in melee.
You have a pair of horns on your head.


Message History

The creatures around you are filled with an inner flame!
Something hits you but does no damage.
Your shield and plate armour prevent you from hitting something.
Something hits you but does no damage.
An orc wizard appears from thin air!
Reactivating autopickup.
You hit the orc wizard.
Flame seeps out of the orc wizard.
The orc wizard is lightly wounded.
The orc wizard is engulfed in blazing flames.
Flame seeps out of the orc wizard.
The orc wizard hits you with a +0 dagger.
You sock the orc wizard!
The orc wizard explodes!
The fiery explosion engulfs you!! Fedhas accepts your kill.
Your Maces & Flails skill increases to level 5!
You are engulfed in blazing flames.
Ouch! That really hurt!
You die...
Fedhas appreciates your contribution to the ecosystem.

....###.#.# ##
..........##..#
........#...#
<..=##[....##
....##...#.##
........###.#
.........##.####
.....>.)...#§§.#
........%...§°@#
.....#...%.#§#.#
...........#.###
...#.##....#.#
...#. #...##.#
.. . #....###. .
##...# . #.... #


There were no monsters in sight!

Vanquished Creatures
  Jessica (D:2)
  An orc wizard (D:4)
  Terence (D:2)
  4 adders
  An adder skeleton (D:3)
  2 worms (D:3)
  2 dart slugs
  3 orcs (D:4)
  2 giant cockroaches (D:3)
  10 hobgoblins
  3 jackals (D:3)
  A ball python (D:3)
  9 bats
  A frilled lizard (D:1)
  8 goblins
  6 kobolds
  3 rats
58 creatures vanquished.

Notes
Turn   | Place    | Note
-------+----------+-------------------------------------------
     0 | D:1      | JohnSpartan the Minotaur Monk began the quest for the Orb.
     0 | D:1      | Reached XP level 1. HP: 19/19 MP: 0/0
   354 | D:1      | Reached XP level 2. HP: 27/27 MP: 1/1
   549 | D:2      | Noticed Jessica
   560 | D:2      | Killed Jessica
   560 | D:2      | Reached skill level 4 in Maces & Flails
   560 | D:2      | Reached skill level 1 in Armour
   560 | D:2      | Reached XP level 3. HP: 15/33 MP: 2/2
   980 | D:2      | Found a blossoming altar of Fedhas.
  1005 | D:2      | Reached XP level 4. HP: 39/40 MP: 3/3
  1231 | D:2      | Became a worshipper of Fedhas Madash
  1231 | D:2      | Reached * piety under Fedhas
  1231 | D:2      | Reached ** piety under Fedhas
  1292 | D:2      | Noticed Terence
  1300 | D:2      | Killed Terence
  1747 | D:3      | Reached XP level 5. HP: 46/46 MP: 4/4
  2223 | D:4      | Reached skill level 5 in Maces & Flails
  2223 | D:4      | Engulfed by a cloud of flame

Illustrated notes

Levels and vault maps discovered:
D:1:      minmay_arrival_doors, layout_basic, hex_intersection,
          minmay_misc_feat_tiny, st_stairs_13
D:2:      layout_loops_ring, lemuel_crystal_altar, minmay_liquid_box,
          minmay_misc_feat_tower, minmay_circle_x, uniq_terence, uniq_jessica
D:3:      layout_loops_ring, minmay_misc_feat_rugged, small_statue_alley_b
D:4:      layout_layer_cave, lemuel_crystal_altar, first_ration,
          nicolae_qazlal_general_emergency

Skill      XL: |  1  2  3  4  5 |
---------------+----------------+-----
Fighting       | 4 |  4.3
Maces & Flails | 4 5 |  5.1
Armour         | 1 2 |  2.8
Dodging        | 4 |  4.5
Stealth        | |  1.5
Shields        | |  0.7

Action                   |  1- 3 |  4- 6 || total
-------------------------+-------+-------++-------
Melee: Mace              |    66 |    95 ||   161
       Headbutt          |     7 |    12 ||    19
  Use: Scroll            |     1 |     6 ||     7
  Eat: Chunk             |       |     4 ||     4
Armor: Robe              |     4 |       ||     4
       Plate armour      |    60 |    69 ||   129
Dodge: Dodged            |    29 |    17 ||    46
Block: Tower shield      |       |    36 ||    36
